 Dungeon Crawl Stone Soup version 0.24.0-13-gcf9b3192b9 (webtiles) character file.

Game seed: 556057998775681572, levelgen mode: deterministic

78853 Ilves the Severer (level 15, -9/205 HPs)
             Began as a Hill Orc Berserker on Nov 9, 2019.
             Was a High Priest of Trog.
             Mangled by a shambling mangrove (23 damage)
             ... on level 1 of the Swamp.
             The game lasted 01:37:19 (31634 turns).

Ilves the Severer (Hill Orc Berserker)             Turns: 31634, Time: 01:37:20

Health: -9/205     AC: 14    Str: 27    XL:     15   Next: 61%
Magic:  0/30       EV:  8    Int:  7    God:    Trog [*****.]
Gold:   2585       SH:  8    Dex: 18    Spells: 14/14 levels left

rFire    . . .     SeeInvis .   p - +7 war axe (chop)
rCold    . . .     Gourm    .   m - +0 buckler
rNeg     + . .     Faith    .   Z - +2 scale mail {rN+}
rPois    +         Spirit   +   (no helmet)
rElec    .         Reflect  .   N - scarf {Spirit}
rCorr    .         Harm     .   J - +1 pair of gloves
MR       ++...                  (no boots)
Stlth    ..........             s - amulet of magic regeneration
HPRegen  0.44/turn              K - ring "Ceinem" {*Contam +Fly MR+ MP+9 Dex+3}
MPRegen  0.47/turn              Q - ring of poison resistance

@: berserking, grasped by roots, constricted, very quick
A: no striking features
a: Berserk, Trog's Hand, Brothers in Arms, Renounce Religion, Evoke Flight


You were on level 1 of the Swamp.
You worshipped Trog.
Trog was extremely pleased with you.
You were not hungry.

You visited 4 branches of the dungeon, and saw 25 of its levels.
You also visited: Ossuary.

You collected 2815 gold pieces.
You spent 230 gold pieces at shops.

Inventory:

Hand Weapons
 p - a +7 war axe of chopping (weapon)
 S - the +3 war axe "Beast's Doom" {venom, *Rage +Blink Str+7}
   (You found it on level 12 of the Dungeon)

   It poisons the flesh of those it strikes.
   It affects your strength (+7).
   It lets you blink.
   It may make you go berserk in combat.
 W - the +9 lance "Wyrmbane" {slay drac, rPois rF+ rC+ AC+3}
   (You found it on level 13 of the Dungeon)

   It affects your AC (+3).
   It protects you from fire.
   It protects you from cold.
   It protects you from poison.
Armour
 m - a +0 buckler (worn)
 J - a +1 pair of gloves (worn)
 N - a scarf of spirit shield (worn)
 V - a +0 large shield
 Z - a +2 scale mail of positive energy (worn)
Jewellery
 b - a +2 ring of evasion
 e - an uncursed ring of resist corrosion {unknown}
 s - an amulet of magic regeneration (around neck)
 v - an uncursed ring of see invisible
 K - the ring "Ceinem" (left hand) {*Contam +Fly MR+ MP+9 Dex+3}
   (You found it on level 9 of the Dungeon)

   [ring of protection from magic]

   It affects your dexterity (+3).
   It affects your resistance to hostile enchantments.
   It affects your magic capacity (+9).
   It lets you fly.
   It causes magical contamination when unequipped.
 O - a +5 ring of intelligence
 Q - a ring of poison resistance (right hand)
Wands
 a - a wand of acid (12)
 r - a wand of iceblast (17)
 x - a wand of polymorph (25)
 A - a wand of random effects (68)
 B - a wand of flame (6)
 G - a wand of paralysis (9)
 L - a wand of enslavement (15)
 P - a wand of disintegration (19)
 X - a wand of scattershot (14)
Scrolls
 d - a scroll of summoning
 f - 7 scrolls of immolation
 h - 14 scrolls of teleportation
 j - 8 scrolls of remove curse
 o - 5 scrolls of fear
 t - 3 scrolls of magic mapping
 y - 9 scrolls of identify
 C - a scroll of torment {unknown}
 F - 6 scrolls of blinking
 I - a scroll of acquirement {unknown}
 R - 4 scrolls of enchant armour
 T - a scroll of brand weapon
 Y - 2 scrolls of fog
Potions
 g - 6 potions of heal wounds
 i - 8 potions of agility {unknown}
 k - a potion of berserk rage {unknown}
 l - 4 potions of brilliance {unknown}
 n - 3 potions of mutation {unknown}
 q - a potion of cancellation {unknown}
 u - 4 potions of magic {unknown}
 w - 4 potions of haste
 z - 8 potions of curing
 D - 2 potions of flight {unknown}
 E - 4 potions of might {unknown}
 M - 2 potions of lignification {unknown}
 U - 2 potions of invisibility
Comestibles
 c - 54 rations
 H - a chunk of flesh


   Skills:
 - Level 13.9 Fighting
 - Level 16.0 Axes
 - Level 14.2 Armour
 - Level 1.8 Dodging
 + Level 15.6 Shields
 - Level 8.1 Evocations


You had 14 spell levels left.
You didn't know any spells.
Your spell library was empty.

Dungeon Overview and Level Annotations

Branches:
Dungeon (15/15)            Temple (0/1) D:7            Lair (6/6) D:11
  Swamp (2/4) Lair:4        Snake (0/4) Lair:2        Slime (0/5) Lair:5
    Orc (2/2) D:11            Elf (0/3) Orc:2        Vaults (0/5) D:13
 Depths (0/5) D:15        Ossuary (visited)

Altars:
Ashenzari
Cheibriados
Fedhas
Gozag
Hepliaklqana
Kikubaaqudgha
Nemelex Xobeh
Okawaru
Sif Muna
Uskayaw
Vehumet
Wu Jian
Xom
Yredelemnul
Beogh

Shops:
D:4 (%   D:11 *!!!   Orc:1 [   Orc:2 }(!:

Annotations:
D:13 1 runed translucent door, peeb's ghost, journeyman TrMo


Message History

You are too injured to fight recklessly!
You are too injured to fight recklessly!
You slash the shambling mangrove!
The shambling mangrove is almost destroyed.
You hit the shambling mangrove but do no damage.
The shambling mangrove is almost destroyed.
The shambling mangrove hits you.
* * * LOW HITPOINT WARNING * * *
The grasping roots constrict you!
You hit the shambling mangrove.
The shambling mangrove is almost destroyed.
You hit the shambling mangrove but do no damage.
The shambling mangrove is almost destroyed.
The shambling mangrove hits you!!
* * * LOW HITPOINT WARNING * * *
x2 The grasping roots constrict you!
A red film seems to cover your vision as you go berserk!
You feel yourself moving faster!
You feel mighty!
You feel a lot more hungry. The shambling mangrove hits you!!
You die...

♣♣♣♣ ♣♣♣ ♣♣♣
(..♣♣♣♣.♣♣♣.♣♣♣♣♣♣♣
≈≈.≈≈..........≈♣.♣♣♣♣..
≈≈≈≈≈≈≈..≈.≈≈≈≈.@≈.(....
.≈.≈≈≈§≈♣≈≈≈..≈≈.f...≈..
.≈.≈♣♣.....≈♣..≈≈≈≈.≈≈..
♣.≈≈≈≈≈.♣♣(≈≈.≈≈≈≈...≈§≈
♣.≈≈≈≈≈†.....≈≈≈≈(...♣≈≈
.....≈≈.≈≈♣≈≈≈≈≈≈.≈≈..≈♣
.≈.♣....≈....≈≈≈!......≈
.≈...≈.♣♣♣♣..♣.≈≈.......
≈...≈≈.♣ ♣.≈≈


You could see a shambling mangrove.

Vanquished Creatures
  Jorgrun (D:15)
  A dire elephant (D:15)
  Snorg (Lair:4)
  A fire dragon (D:15)
  Josephine (D:11)
  A vault guard (D:13)
  4 hydras
  Erolcha (Orc:1)
  2 ghost crabs (Swamp:1)
  Harold (D:8)
  A centaur warrior (D:14)
  9 two-headed ogres
  An alligator (Swamp:1)
  2 ogre magi (Orc:2)
  A tengu warrior (D:15)
  Urug (Lair:4)
  Nergalle (Orc:2)
  2 unseen horrors
  A wizard (D:14)
  2 deep elf magi
  2 ugly things
  3 manticores (D:15)
  2 oklob plants
  8 orc sorcerers (Orc:2)
  A wolf spider (D:15)
  3 cyclopes
  6 black mambas
  Joseph (D:8)
  Maurice (D:11)
  A torpor snail (Lair:4)
  5 centaur skeletons
  12 spiny frogs
  A gargoyle (D:13)
  3 komodo dragons
  A spiny frog (shapeshifter) (D:13)
  A rime drake (Lair:4)
  A freezing wraith (D:14)
  A yaktaur (shapeshifter) (D:13)
  3 tengu conjurers
  A jumping spider (shapeshifter) (D:13)
  7 trolls
  5 hornets
  Prince Ribbit (D:8)
  3 polar bears (Lair:6)
  2 tyrant leeches (Swamp:1)
  3 blink frogs (Lair:4)
  2 bog bodies (Swamp:1)
  12 dream sheep
  10 hippogriffs
  6 slime creatures
  13 spriggans (Lair:6)
  Sigmund (D:3)
  A shadow (D:13)
  29 yaks
  7 wraiths
  3 basilisks
  4 wyverns
  A human (D:7)
  3 hungry ghosts
  A steam dragon (D:10)
  5 vampire mosquitoes
  4 hogs (D:7)
  Edmund (D:4)
  2 swamp worms (Swamp:1)
  A soldier ant (D:15)
  7 porcupines
  14 water moccasins
  A swamp drake (Swamp:1)
  5 black bears
  6 ice beasts
  3 phantoms
  11 orc warriors
  2 sky beasts
  A necrophage (D:5)
  26 wolves
  4 boggarts (Lair:6)
  3 eyes of draining
  8 ogres
  6 centaurs (D:11)
  A centaur (shapeshifter) (D:14)
  8 crocodiles
  A big kobold (D:8)
  18 bullfrogs
  3 wyvern skeletons
  5 scorpions
  A troll zombie (D:9)
  2 killer bees
  9 wights
  4 howler monkeys
  7 electric eels
  A quasit (D:10)
  A bullfrog zombie (D:9)
  8 centaur zombies
  5 crimson imps
  4 human zombies (D:9)
  2 bullfrog skeletons
  5 hounds
  31 orc wizards
  7 orc priests
  8 jellies
  Crazy Yiuf (D:7)
  A gnoll shaman (D:6)
  3 iguanas
  Natasha (twice) (D:2)
  9 worker ants
  A killer bee zombie (D:7)
  2 hound skeletons
  3 mummies (D:9)
  8 gnolls
  A howler monkey skeleton (D:11)
  15 adders
  2 shadow imps
  An adder zombie (Ossuary)
  4 worms
  An adder skeleton (D:6)
  4 dart slugs
  6 leopard geckos
  47 orcs
  2 ball pythons
  9 bats
  4 giant cockroaches
  3 hobgoblins (D:2)
  11 jackals
  6 quokkas
  8 frilled lizards
  9 goblins
  A hobgoblin skeleton (Ossuary)
  A hobgoblin zombie (Ossuary)
  9 kobolds
  3 kobold zombies (Ossuary)
  2 orc skeletons (Ossuary)
  An orc zombie (Ossuary)
  5 rats
  4 fungi (Lair:6)
  2 plants (Lair:1)
638 creatures vanquished.

Vanquished Creatures (collateral kills)
  Louise (D:15)
  An ice statue (D:15)
  A gargoyle (D:13)
  A troll (D:15)
  A hippogriff (D:7)
  A hungry ghost (D:11)
  An ogre (Orc:2)
  A killer bee (D:7)
  An orc wizard (Orc:2)
9 creatures vanquished.

Vanquished Creatures (others)
  A shadow imp (D:11)
  A bush (D:11)
  A fungus (Lair:3)
3 creatures vanquished.

Grand Total: 650 creatures vanquished

Notes
Turn   | Place    | Note
-------+----------+-------------------------------------------
     0 | D:1      | Ilves the Hill Orc Berserker began the quest for the Orb.
     0 | D:1      | Reached XP level 1. HP: 19/19 MP: 1/1
    69 | D:1      | Reached XP level 2. HP: 14/27 MP: 2/2
   896 | D:2      | Reached XP level 3. HP: 16/33 MP: 3/3
  1573 | D:2      | Found a shimmering altar of Xom.
  1573 | D:2      | Found an ancient bone altar of Kikubaaqudgha.
  1699 | D:2      | Found a faded altar of an unknown god.
  1706 | D:2      | Noticed Natasha
  1711 | D:2      | Reached ** piety under Trog
  1711 | D:2      | Killed Natasha
  1711 | D:2      | Reached skill level 5 in Fighting
  1711 | D:2      | Reached skill level 5 in Axes
  1711 | D:2      | Reached XP level 4. HP: 30/42 MP: 4/4
  1994 | D:2      | Noticed Natasha
  2004 | D:2      | Killed Natasha
  2240 | D:3      | Reached XP level 5. HP: 48/48 MP: 5/5
  2251 | D:3      | Reached skill level 6 in Axes
  2701 | D:3      | Noticed Sigmund
  2712 | D:3      | Killed Sigmund
  2712 | D:3      | Reached skill level 7 in Axes
  2712 | D:3      | Reached skill level 1 in Shields
  2712 | D:3      | Reached XP level 6. HP: 57/57 MP: 6/6
  3103 | D:4      | Reached skill level 8 in Axes
  3141 | D:4      | Noticed Edmund
  3152 | D:4      | Killed Edmund
  3152 | D:4      | Reached XP level 7. HP: 43/63 MP: 7/7
  3266 | D:4      | Found an opulent altar of Gozag.
  3320 | D:4      | Reached *** piety under Trog
  3429 | D:4      | Found Vifyong's Food Boutique.
  3440 | D:4      | Found a sand-covered staircase.
  3449 | Ossuary  | Entered an ossuary
  3564 | Ossuary  | Noticed a flying skull
  3564 | Ossuary  | Noticed a wraith
  3575 | Ossuary  | Noticed a wraith
  3595 | Ossuary  | Killed a wraith
  3595 | Ossuary  | Reached skill level 9 in Axes
  3849 | Ossuary  | Noticed a flying skull
  4000 | Ossuary  | Noticed a flying skull
  4006 | Ossuary  | Noticed a wraith
  4028 | Ossuary  | Killed a wraith
  4028 | Ossuary  | Reached skill level 10 in Axes
  4028 | Ossuary  | Reached XP level 8. HP: 16/73 MP: 8/8
  4268 | Ossuary  | Noticed a flying skull
  4518 | D:4      | Found Utreah Sium's Antique Weapon Shoppe.
  4521 | D:4      | Bought an ichor-stained hand axe for 216 gold pieces
  4523 | D:4      | Identified the +6 hand axe of World Downfall {chop, rC-
                  | Int+4} (You bought it in a shop on level 4 of the Dungeon)
  4640 | D:5      | Entered Level 5 of the Dungeon
  5346 | D:6      | Found a snail-covered altar of Cheibriados.
  5621 | D:6      | Reached skill level 5 in Shields
  5635 | D:6      | Reached XP level 9. HP: 66/77 MP: 9/9
  5981 | D:6      | Reached **** piety under Trog
  6458 | D:7      | Found a staircase to the Ecumenical Temple.
  6492 | D:7      | Found an ornate altar of the Wu Jian Council.
  7096 | D:7      | Reached skill level 10 in Shields
  7105 | D:7      | Reached XP level 10. HP: 54/84 MP: 10/10
  7264 | D:7      | Found a runed translucent door.
  7265 | D:7      | Noticed Crazy Yiuf
  7466 | D:7      | Killed Crazy Yiuf
  7632 | D:8      | Found a sparkling altar of Nemelex Xobeh.
  7640 | D:8      | Noticed Harold
  7651 | D:8      | Killed Harold
  7651 | D:8      | Reached skill level 11 in Axes
  7667 | D:7      | Reached skill level 12 in Axes
  8289 | D:8      | Noticed Joseph
  8313 | D:8      | Killed Joseph
  8313 | D:8      | Reached skill level 13 in Axes
  8504 | D:8      | Noticed Prince Ribbit
  8518 | D:8      | Killed Prince Ribbit
  8750 | D:9      | Noticed a two-headed ogre
  8774 | D:8      | Killed a two-headed ogre
  8774 | D:8      | Reached skill level 14 in Axes
  9078 | D:9      | Reached ***** piety under Trog
  9105 | D:9      | Reached XP level 11. HP: 68/92 MP: 11/11
  9467 | D:9      | Reached skill level 15 in Axes
  9630 | D:9      | Found a hide-covered altar of Uskayaw.
  9637 | D:9      | Found a hazy altar of Hepliaklqana.
  9643 | D:9      | Found a shimmering blue altar of Sif Muna.
  9927 | D:9      | Noticed a two-headed ogre
  9943 | D:9      | Killed a two-headed ogre
 10206 | D:9      | Got a slimy bronze ring
 10267 | D:9      | Reached skill level 5 in Armour
 10280 | D:9      | Found a basalt altar of Yredelemnul.
 10632 | D:10     | Entered Level 10 of the Dungeon
 10641 | D:10     | Noticed a two-headed ogre
 10661 | D:10     | Killed a two-headed ogre
 11054 | D:10     | You fall into a shaft and drop 1 floor!
 11291 | D:11     | Noticed an unseen horror
 11322 | D:11     | Killed an unseen horror
 11761 | D:11     | Noticed Josephine
 11781 | D:11     | Killed Josephine
 11787 | D:11     | Found Yquajeown's Assorted Antiques.
 11787 | D:11     | Found Lotaz's Distillery.
 11787 | D:11     | Found Ivadd's Distillery.
 11787 | D:11     | Found Coig's Distillery.
 11931 | D:11     | Bought a potion of degeneration for 14 gold pieces
 12065 | D:11     | Reached XP level 12. HP: 66/100 MP: 12/12
 12074 | D:11     | Found a staircase to the Orcish Mines.
 12099 | D:11     | Reached skill level 10 in Armour
 12143 | D:11     | Received a gift from Trog
 12795 | D:11     | Found a staircase to the Lair.
 12838 | D:11     | Noticed Maurice
 12854 | D:11     | Killed Maurice
 14126 | D:12     | Got a crude war axe
 14443 | D:12     | Noticed a two-headed ogre
 14455 | D:12     | Killed a two-headed ogre
 14870 | D:12     | Noticed a two-headed ogre
 14884 | D:12     | Killed a two-headed ogre
 15398 | D:13     | Noticed a two-headed ogre
 15405 | D:13     | Killed a two-headed ogre
 15846 | D:13     | Found an iron altar of Okawaru.
 15848 | D:13     | Found the +8 lance "Wyrmbane" {slay drac, rPois rF+ rC+
                  | AC+3}
 15867 | D:13     | Received a gift from Trog
 15879 | D:13     | Reached XP level 13. HP: 94/105 MP: 13/13
 16232 | D:13     | Noticed a vault guard
 16255 | D:13     | Killed a vault guard
 16564 | D:13     | Found a gate to the Vaults.
 16683 | D:13     | Found a runed translucent door.
 16684 | D:13     | Noticed a yaktaur captain
 16684 | D:13     | Noticed peeb's ghost (journeyman TrMo)
 16966 | D:14     | Reached skill level 10 in Fighting
 17161 | D:14     | You fall into a shaft and drop 1 floor!
 17161 | D:15     | Entered Level 15 of the Dungeon
 17701 | D:14     | Identified the ring "Ceinem" {*Contam +Fly MR+ MP+9 Dex+3}
                  | (You found it on level 9 of the Dungeon)
 17741 | D:14     | Identified the +3 war axe "Beast's Doom" {venom, *Rage
                  | +Blink Str+7} (You found it on level 12 of the Dungeon)
 17846 | D:14     | Reached skill level 1 in Evocations
 18465 | D:15     | Found a staircase to the Depths.
 18465 | D:15     | Noticed a dire elephant
 18482 | D:15     | Killed a dire elephant
 18489 | D:15     | Reached skill level 5 in Evocations
 18971 | D:15     | Noticed Louise
 19011 | D:15     | Killed Louise
 19146 | D:15     | Noticed a fire dragon
 19159 | D:15     | Killed a fire dragon
 19409 | D:15     | Reached XP level 14. HP: 111/124 MP: 19/19
 19448 | D:15     | Noticed Jorgrun
 19474 | D:15     | Killed Jorgrun
 19726 | D:15     | Found a shattered altar of Ashenzari.
 19885 | D:15     | Found a blossoming altar of Fedhas.
 20361 | Orc:1    | Entered Level 1 of the Orcish Mines
 20460 | Orc:2    | Entered Level 2 of the Orcish Mines
 20496 | Orc:2    | Found a roughly hewn altar of Beogh.
 20515 | Orc:2    | Found a staircase to the Elven Halls.
 20954 | Orc:2    | Found Tatzaules's Gadget Boutique.
 21713 | Orc:1    | Noticed Erolcha
 21855 | Orc:1    | Killed Erolcha
 21935 | Orc:1    | Found Veoc's Antique Armour Emporium.
 22650 | Orc:2    | Found an ancient bone altar of Kikubaaqudgha.
 22652 | Orc:2    | Noticed Nergalle
 22687 | Orc:2    | Killed Nergalle
 22695 | Orc:2    | Received a gift from Trog
 22976 | Orc:2    | Found a roughly hewn altar of Beogh.
 22976 | Orc:2    | Found Figic's Distillery.
 22985 | Orc:2    | Found Rylunleu's Book Boutique.
 23001 | Orc:2    | Found Sogo Fag's Antique Weapon Shop.
 23035 | Orc:2    | Found a radiant altar of Vehumet.
 23312 | Lair:1   | Entered Level 1 of the Lair of Beasts
 23512 | Lair:1   | You fall into a shaft and drop 1 floor!
 23884 | Lair:1   | Reached skill level 16 in Axes
 24361 | Lair:2   | Found a staircase to the Snake Pit.
 26191 | Lair:4   | Noticed Snorg
 26214 | Lair:4   | Killed Snorg
 26547 | Lair:4   | Found a staircase to the Swamp.
 26914 | Lair:4   | Noticed Urug
 26934 | Lair:4   | Killed Urug
 27483 | Lair:4   | Reached XP level 15. HP: 130/137 MP: 21/21
 27990 | Lair:5   | Found a staircase to the Slime Pits.
 28967 | Lair:6   | Entered Level 6 of the Lair of Beasts
 30198 | Lair:6   | Paralysed by a hornet for 1 turns
 30360 | Lair:6   | Reached skill level 15 in Shields
 30934 | Swamp:1  | Entered Level 1 of the Swamp
 31634 | Swamp:1  | Mangled by a shambling mangrove

Levels and vault maps discovered:
D:1:      lemuel_arrival_muddy, layout_basic, hangedman_decor_growths
D:2:      layout_rooms, gammafunk_temple_overflow_pools,
          chequers_ecumenical_altar_simple_redux, minivault_26, corexii_shack,
          uniq_natasha
D:3:      layout_basic, uniq_sigmund
D:4:      layout_cave_pools, nicolae_ossuary_entry_monument, first_ration,
          serial_shops, kennysheep_mini, nicolae_shop_trees,
          nicolae_gozag_cash_rules_everything_around_me, uniq_edmund
D:5:      layout_rooms, nrook_uturn
D:6:      layout_loops_ring, cheibrodos_worm_habitat
D:7:      layout_cave_pools, kennysheep_little_box,
          minmay_temple_entry_drinking_statues, grunt_livestock,
          uniq_crazy_yiuf_cottage
D:8:      layout_rooms, nemelex_xobeh_ov_fountains_minmay, uniq_harold,
          uniq_prince_ribbit1, uniq_joseph
D:9:      layout_loops_ring, minmay_overflow_temple_star_quad,
          lemuel_mausoleum_altar_yredelemnul
D:10:     layout_big_octagon
D:11:     layout_roguey, lair_entry_dummy, david_orc_2,
          kb_lookout_dungeons_type, minmay_shop_grid_forest, uniq_maurice,
          uniq_josephine
D:12:     minmay_box_of_statues, layout_small_grid
D:13:     layout_loops_ring, david_vaults_5, ebering_ghost_inner_flame,
          okawaru_ov_weapons_minmay
D:14:     layout_long_grid, minmay_misc_feat_square
D:15:     hangedman_depths_entry_try_elsewhere_first, layout_irregular_city,
          serial_column_ruins, column_ruins_temple_circle,
          column_ruins_columns_straight, column_ruins_open_tiny,
          column_ruins_grid_1, fedhas_altar_3, minivault_16, uniq_jorgrun,
          uniq_louise
Lair:1:   layout_regular_city, serial_bayou, serial_bayou_shore_b,
          serial_bayou_pond_c, serial_bayou_shore_a, serial_bayou_lagoon_b,
          serial_bayou_crossing, minmay_lair_oklob_chamber, lemuel_fruit_tree
Lair:2:   layout_hall_layers, minmay_snake_entry_six_corridors
Lair:3:   layout_chaotic_city
Lair:4:   layout_cave_pods, minmay_swamp_entry_eels, serial_bayou_ford_a,
          serial_bayou_shore_b, lemuel_fruit_fields, uniq_urug, uniq_snorg
Lair:5:   dpeg_oklob_gauntlet, layout_loops_ring, slime_dummy,
          lemuel_fruit_fields
Lair:6:   minmay_lair_end_enchanted_forest, layout_regular_city
Swamp:1:  layout_falls_marsh, nicolae_swamp_dense_foliage, uniq_aizul
Swamp:2:  layout_basic_swamp, evilmike_swamp_ruin_house_1
Orc:1:    layout_caves, serial_shops, shop, uniq_erolcha
Orc:2:    kennysheep_orc_mage_school, layout_diamond_mine, basic_altar

Skill      XL: |  1  2  3  4  5  6  7  8  9 10 11 12 13 14 15 |
---------------+----------------------------------------------+-----
Fighting       | 4 5 6 7 11 13 | 13.9
Axes           | 5 7 8 10 14 15 16 | 16.0
Shields        | 1 2 5 10 13 15 | 15.6
Armour         | 9 14 | 14.2
Evocations     | 7 8 |  8.1
Dodging        | |  1.8

Action                   |  1- 3 |  4- 6 |  7- 9 | 10-12 | 13-15 || total
-------------------------+-------+-------+-------+-------+-------++-------
Melee: Hand axe          |    87 |   119 |   293 |   794 |   551 ||  1844
       Unarmed           |       |     5 |       |       |       ||     5
       War axe           |       |       |       |       |   567 ||   567
       Lance             |       |       |       |       |    67 ||    67
Invok: Berserk           |     1 |     3 |     3 |     7 |     9 ||    23
       Trog's Hand       |       |       |       |     3 |     1 ||     4
       Brothers in Arms  |       |       |       |     2 |     5 ||     7
 Abil: Evoke Blink       |       |       |       |       |     1 ||     1
Evoke: Wand              |       |       |       |       |    40 ||    40
  Use: Scroll            |       |       |       |    13 |    12 ||    25
       Potion            |       |       |       |     2 |       ||     2
 Stab: Sleeping          |     1 |       |       |       |       ||     1
       Distracted        |       |       |       |       |     2 ||     2
  Eat: Chunk             |     2 |     5 |    10 |    35 |    38 ||    90
       Ration            |       |     1 |     2 |     1 |     7 ||    11
Armor: Animal skin       |    22 |     3 |       |       |       ||    25
       Scale mail        |       |    33 |    69 |   146 |    70 ||   318
       Plate armour      |       |       |       |    96 |   407 ||   503
Dodge: Dodged            |    49 |    49 |   103 |   223 |   337 ||   761
Block: Buckler           |     9 |    12 |    56 |   179 |   322 ||   578
